 Dungeon Crawl Stone Soup version 0.29-a0-9-g022ca4c890 (webtiles) character file.

Game seed: 1340058251424691650

11886 porpoise the Fighter (level 12, -14/95 HPs)
             Began as a Djinni Conjurer on Jan 27, 2022.
             Was an Initiate of Ashenzari.
             Demolished by an orc knight (24 damage)
             ... on level 10 of the Dungeon on Jan 28, 2022.
             The game lasted 00:57:04 (13364 turns).

porpoise the Fighter (Djinni Conjurer)             Turns: 13364, Time: 00:57:05

Health: -14/95     AC:  6    Str: 10    XL:     12   Next: 13%
Gold:   154        EV: 14    Int: 21    God:    Ashenzari [......] SH:  0 Dex: 12

rFire   + + +      SeeInvis .   b - +0 hunting sling
rCold   + . .      Faith    .   (no shield)
rNeg    . . .      Spirit   .   A - +1 robe {rC+ rF+}
rPois   ∞          Reflect  .   K - +0 helmet
rElec   .          Harm     .   G - scarf {repulsion}
rCorr   +          Rampage  .   j - +1 pair of gloves
Will    +....                   (boots unavailable)
Stlth   +++.......              z - amulet of regeneration
HPRegen 1.05/turn               m - ring of resist corrosion
MPRegen 0.00/turn               x - ring of protection from cold

@: flying, repel missiles
A: sickness immunity, fire resistance 2, cold vulnerability 1, float, innate
caster, hp casting, extra vitality 1
a: Renounce Religion, Curse Item


You were on level 10 of the Dungeon.
You worshipped Ashenzari.
Ashenzari was noncommittal.
You visited 2 branches of the dungeon, and saw 11 of its levels.

You collected 454 gold pieces.
You spent 300 gold pieces at shops.

Inventory:

Hand Weapons
 a - a +0 short sword of electrocution
 b - a +0 hunting sling (weapon)
 O - a +2 scimitar of flaming
 T - a +2 short sword of speed
 U - a +3 trident
Missiles
 c - 154 arrows
 i - 3 curare-tipped darts
 k - 4 atropa-tipped darts
 l - 71 sling bullets (quivered ammo)
 n - 293 stones
 p - 12 bolts
 v - 11 boomerangs
 y - 12 poisoned darts
Armour
 f - the +18 Lear's hauberk
   (You found it on level 2 of the Dungeon)
 g - a +0 cloak
 j - a +1 pair of gloves (worn)
 A - a +1 robe of resistance (worn)
 F - +0 steam dragon scales
 G - a scarf of repulsion (worn)
 K - a +0 helmet (worn)
 M - a +1 leather armour of cold resistance
 P - a +2 robe of willpower
Magical Staves
 u - a staff of poison
 E - a staff of cold
Jewellery
 m - a ring of resist corrosion (left hand)
 x - a ring of protection from cold (right hand)
 z - an amulet of regeneration (around neck)
Wands
 C - a wand of acid (2)
 D - a wand of charming (11)
 N - a wand of paralysis (9)
 S - a wand of iceblast (4)
Scrolls
 d - 4 scrolls of teleportation
 h - 2 scrolls of enchant armour
 s - a scroll of immolation
 I - 2 scrolls of enchant weapon {unknown}
 J - a scroll of fear {unknown}
 Q - a scroll of magic mapping {unknown}
Potions
 e - 4 potions of curing
 o - 2 potions of heal wounds
 q - 2 potions of haste {unknown}
 r - a potion of mutation {unknown}
 t - a potion of attraction {unknown}
 w - a potion of cancellation {unknown}
 B - 3 potions of might
 H - 2 potions of degeneration {unknown}
 L - a potion of invisibility {unknown}
 R - a potion of magic {unknown}


   Skills:
 - Level 12.0 Fighting
 + Level 2.6 Slings
 - Level 7.0 Dodging
 + Level 5.9 Stealth
 * Level 8.0 Spellcasting
 - Level 5.0 Evocations


You couldn't memorise any spells.
You knew the following spells:

 Your Spells              Type           Power      Damage    Failure   Level
a - Magic Dart            Conj           100%       1d8       1%          1
b - Searing Ray           Conj           84%        2d7       1%          2
c - Fulminant Prism       Conj/Hex       21%        3d13      3%          4
d - Iskenderun's Mystic   Conj/Tloc      42%        2d10      3%          4
k - Blink                 Tloc           84%        N/A       1%          2
p - Poisonous Vapours     Pois/Air       84%        N/A       1%          2
s - Animate Skeleton      Necr           84%        N/A       1%          1
u - Dispel Undead         Necr           42%        3d17      3%          4
v - Borgnjor's Vile Clut  Necr/Erth      21%        N/A       9%          5
z - Dazzling Flash        Conj/Hex       84%        N/A       1%          3
Your spell library was empty.

Dungeon Overview and Level Annotations

Branches:
Dungeon (10/15)            Temple (1/1) D:7            Lair (0/6) D:8
    Orc: D:9-12

Altars:
Ashenzari
Cheibriados
Dithmenos
Elyvilon
Fedhas
Gozag
Hepliaklqana
Kikubaaqudgha
Makhleb
Nemelex Xobeh
Okawaru
Qazlal
Ru
Sif Muna
Trog
Uskayaw
Vehumet
Wu Jian
Xom
Yredelemnul
Zin
The Shining One

Shops:
D:1 !(!*   D:3 =   D:5 (

Annotations:
D:4 dig
D:9 exclusion: orange crystal statue


Innate Abilities, Weirdness & Mutations

You are immune to sickness and miasma.
You are immune to poison.
Your flesh is very heat resistant. (rF++)
You are vulnerable to cold. (rC-)
You float through the air rather than walking.
You learn spells naturally, not from books.
Your magical power is your life essence.
You have superior vitality. (+4 MHP)


Message History

Aiming: Searing Ray (safe; 1% risk of failure)
Press: ? - help, Shift-Dir - straight line, f - orc knight, p - centaur warrior zombie
Aim: an orc knight, wielding a +0 war axe and wearing a +0 plate armour (almost dead, 82% to hit)
The searing ray hits the centaur warrior zombie!
The centaur warrior zombie is almost destroyed.
The searing ray hits the orc!
You kill the orc!
The searing ray misses the orc knight. (Press . to maintain the ray.)
The centaur warrior zombie hits you.
The centaur warrior zombie kicks you but does no damage.
The searing ray hits the centaur warrior zombie but does no damage.
The centaur warrior zombie is almost destroyed.
The searing ray hits the orc knight but does no damage.
The orc knight is almost dead.
The centaur warrior zombie hits you but does no damage.
The centaur warrior zombie kicks you but does no damage.
The centaur warrior zombie hits you!
* * * LOW HITPOINT WARNING * * *
The centaur warrior zombie kicks you but does no damage.
The searing ray hits the centaur warrior zombie!
You destroy the centaur warrior zombie!
The searing ray hits the orc knight.
The orc knight is almost dead.
* * * LOW HITPOINT WARNING * * *
Your Spellcasting skill increases to level 8!
The searing ray misses the orc knight.
* * * LOW HITPOINT WARNING * * *
You finish channelling your searing ray.
The orc knight hits you with a +0 war axe!
* * * LOW HITPOINT WARNING * * *
Unknown command.
Casting: Searing Ray (safe; 1% risk of failure)
Confirm with . or Enter, or press ? or * to list all spells.
You erupt in a blast of force!
The mystic blast hits the orc knight but does no damage.
The orc knight is almost dead.
* * * LOW HITPOINT WARNING * * *
The orc knight hits you with a +0 war axe!!
You die...

#.# .)o) #.# #.## #Z)##.#
#..# #.))).# ## ####'##
#.###.# .#### #.>...#
####o### .+..###.....#
#..o...# .##...#.....####
#......#
.####.'.....'..#####......#
.# ###.....##..@o.)......#
.# #...).########......# ##
#.....# #......# #.....#
##.##### ##'#### #..# #.#
###'## ##.# #....# #..#
#....# ###'#### #....#


You could see an orc knight.

Vanquished Creatures
  A hydra (D:8)
  Erica (D:9)
  2 two-headed ogres
  Nergalle (D:10)
  Joseph (D:9)
  A komodo dragon (D:8)
  An unseen horror (D:10)
  A hornet (D:7)
  Sigmund (D:6)
  3 wyverns
  12 yaks
  A shadow (D:10)
  Eustachio (D:4)
  2 steam dragons
  2 water moccasins
  6 orc warriors
  4 black bears
  A necrophage (D:5)
  A sky beast (D:7)
  An ice beast (D:6)
  6 ogres
  3 centaurs
  2 phantoms
  3 kobold brigands
  A bullfrog (D:7)
  5 scorpions
  A wyvern skeleton (D:7)
  A water moccasin zombie (D:5)
  2 water moccasin skeletons
  2 howler monkeys (D:7)
  A bullfrog zombie (D:6)
  5 centaur zombies
  A gnoll shaman (D:5)
  3 jellies
  10 orc priests
  3 hounds
  2 bullfrog skeletons
  A centaur skeleton (D:7)
  2 scorpion zombies (D:5)
  3 iguanas
  7 orc wizards
  A killer bee zombie (D:5)
  2 howler monkey zombies (D:8)
  5 gnolls
  2 howler monkey skeletons (D:7)
  3 adders
  3 shadow imps
  2 white imps (D:7)
  2 ufetubi
  2 adder skeletons (D:4)
  3 worms
  41 orcs
  5 ball pythons
  6 endoplasms
  5 giant cockroaches
  9 goblins
  8 hobgoblins
  4 jackals (D:3)
  17 kobolds
  4 quokkas
  5 bats
  5 frilled lizards
  7 rats
249 creatures vanquished.

Vanquished Creatures (others)
  43 fulminant prisms
  11 plants (D:8)
54 creatures vanquished.

Grand Total: 303 creatures vanquished

Notes
Turn   | Place    | Note
-------+----------+-------------------------------------------
     0 | D:1      | porpoise the Djinni Conjurer began the quest for the Orb.
     0 | D:1      | Reached XP level 1. HP: 15/15 MP: 0/0
   489 | D:1      | Reached XP level 2. HP: 19/22 MP: 0/0
   547 | D:1      | Found Uthoeff's Distillery.
   549 | D:1      | Found Woycref's Weapon Shoppe.
   567 | D:1      | Reached skill level 1 in Fighting
   910 | D:1      | Found Seelyd's Distillery.
  1031 | D:1      | Found Wuegaitz's General Store.
  1184 | D:1      | Reached XP level 3. HP: 24/27 MP: 0/0
  1184 | D:1      | Learned a level 1 spell: Animate Skeleton
  1659 | D:2      | Found the +18 Lear's hauberk
  1872 | D:2      | Reached XP level 4. HP: 30/33 MP: 0/0
  1922 | D:2      | Reached skill level 2 in Fighting
  2451 | D:3      | Reached XP level 5. HP: 28/39 MP: 0/0
  2451 | D:3      | Learned a level 2 spell: Blink
  2640 | D:3      | Found a shadowy altar of Dithmenos.
  3123 | D:3      | Found Finaovia's Jewellery Emporium.
  3432 | D:3      | Reached skill level 3 in Fighting
  3655 | D:4      | Noticed a black bear
  3664 | D:4      | Killed a black bear
  3665 | D:4      | Reached XP level 6. HP: 38/46 MP: 0/0
  3901 | D:4      | Noticed an ogre
  3913 | D:4      | Killed an ogre
  3914 | D:4      | Reached skill level 4 in Fighting
  3914 | D:4      | Reached XP level 7. HP: 19/52 MP: 0/0
  3914 | D:4      | Learned a level 2 spell: Poisonous Vapours
  4236 | D:4      | Noticed Eustachio
  4245 | D:4      | Killed Eustachio
  4246 | D:4      | Reached skill level 5 in Spellcasting
  4576 | D:4      | Reached skill level 5 in Fighting
  4576 | D:4      | Reached XP level 8. HP: 38/59 MP: 0/0
  5522 | D:5      | Entered Level 5 of the Dungeon
  5922 | D:5      | Reached skill level 6 in Fighting
  5970 | D:5      | Reached XP level 9. HP: 32/67 MP: 0/0
  5970 | D:5      | Learned a level 4 spell: Dispel Undead
  6210 | D:5      | Found Qewinkag's Antique Weapon Shoppe.
  6948 | D:6      | Noticed Sigmund
  6954 | D:6      | Killed Sigmund
  6955 | D:6      | Reached skill level 7 in Fighting
  6981 | D:6      | Reached skill level 5 in Stealth
  7412 | D:6      | Upgraded the game from 0.29-a0-2-g12fcac58f8 to
                  | 0.29-a0-8-g0446c0dae4
  7412 | D:6      | Upgraded the game from 0.29-a0-8-g0446c0dae4 to
                  | 0.29-a0-9-g022ca4c890
  8413 | D:3      | Bought an amulet of regeneration for 300 gold pieces
  8596 | D:7      | Reached skill level 8 in Fighting
  8636 | D:7      | Reached skill level 1 in Evocations
  8647 | D:7      | Reached XP level 10. HP: 48/76 MP: 0/0
  9004 | D:7      | Found a staircase to the Ecumenical Temple.
  9014 | Temple   | Entered the Ecumenical Temple
  9181 | Temple   | Became a worshipper of Ashenzari the Shackled
  9420 | D:7      | Reached skill level 9 in Fighting
  9420 | D:7      | Reached skill level 5 in Dodging
 10026 | D:8      | Noticed a five-headed hydra
 10046 | D:8      | Killed a five-headed hydra
 10206 | D:8      | Identified the +0 leather armour of Qasaew {rPois rN+}
 10353 | D:8      | Found a staircase to the Lair.
 10353 | D:8      | Noticed a komodo dragon
 10362 | D:8      | Killed a komodo dragon
 11102 | D:9      | Reached skill level 10 in Fighting
 11102 | D:9      | Reached XP level 11. HP: 81/85 MP: 0/0
 11102 | D:9      | Learned a level 5 spell: Borgnjor's Vile Clutch
 11179 | D:9      | Noticed Erica
 11185 | D:9      | Killed Erica
 11263 | D:9      | Reached skill level 5 in Evocations
 11265 | D:9      | Reached skill level 11 in Fighting
 11453 | D:9      | Noticed an orange crystal statue
 12203 | D:9      | Noticed a two-headed ogre
 12215 | D:9      | Killed a two-headed ogre
 12396 | D:9      | Noticed Joseph
 12410 | D:9      | Killed Joseph
 12411 | D:9      | Reached skill level 12 in Fighting
 12644 | D:10     | Entered Level 10 of the Dungeon
 12740 | D:10     | Noticed a two-headed ogre
 12746 | D:10     | Killed a two-headed ogre
 12747 | D:10     | Reached skill level 1 in Slings
 13339 | D:10     | Reached XP level 12. HP: 87/95 MP: 0/0
 13339 | D:10     | Noticed Nergalle
 13346 | D:10     | Killed Nergalle
 13364 | D:10     | Demolished by an orc knight

Illustrated notes

Levels and vault maps discovered:
D:1:      erik_arrival_triangle_large, layout_rooms, serial_shops, shop, shop,
          shop, nicolae_lakefront_shop
D:2:      layout_basic
D:3:      layout_basic, grunt_dithmenos_smoke, serial_shops,
          nicolae_shop_crystal
D:4:      layout_basic, due_unseen_surprise, uniq_eustachio
D:5:      layout_rooms, serial_shops, nicolae_take_the_stairs
D:6:      layout_layer_cave, uniq_sigmund
D:7:      layout_gridville, minmay_temple_entry_offerings, minmay_joined_circles
D:8:      layout_loops_ring, david_lair_shrubbed
D:9:      layout_basic, kennysheep_flooded_box, minivault_16, uniq_joseph,
          uniq_erica
D:10:     layout_roguey, hiddenorc1_lemuel, uniq_nergalle
Temple:   kilobyte_greek_temple

Skill      XL: |  1  2  3  4  5  6  7  8  9 10 11 12 |
---------------+-------------------------------------+-----
Fighting       | 1 2 3 4 5 6 8 10 12 | 12.0
Stealth        | 2 3 4 5 |  5.9
Spellcasting   | 4 5 6 7 8 |  8.0
Evocations     | 1 4 5 |  5.0
Dodging        | 3 6 7 |  7.0
Slings         | 2 |  2.6

Action                   |  1- 3 |  4- 6 |  7- 9 | 10-12 || total
-------------------------+-------+-------+-------+-------++-------
Melee: Short sword       |       |    16 |    12 |     1 ||    29
 Fire: Hunting sling     |       |    28 |    57 |    55 ||   140
 Cast: Magic Dart        |    59 |     9 |     6 |       ||    74
       Searing Ray       |     8 |    26 |    56 |    67 ||   157
       Iskenderun's Myst |       |     1 |     6 |    27 ||    34
       Blink             |       |     1 |       |       ||     1
       Fulminant Prism   |       |       |    10 |    33 ||    43
       Poisonous Vapours |       |       |     2 |     3 ||     5
       Dispel Undead     |       |       |     1 |     8 ||     9
       Borgnjor's Vile C |       |       |       |     7 ||     7
  Use: Scroll            |       |       |     9 |       ||     9
 Stab: Sleeping          |       |     2 |       |       ||     2
Armor: Robe              |     3 |    17 |    19 |    28 ||    67
Dodge: Dodged            |     6 |    28 |    36 |    93 ||   163

Table legend: (Time is in decaauts)
 A = Elapsed time spent in this place.
 B = Non-inter-level travel time spent in this place.
 C = Inter-level travel time spent in this place.
 D = Time resting spent in this place.
 E = Time spent auto-exploring this place.
 F = Levels seen in this place.
 G = Mean time per level.
                   A        B        C        D        E       F      G
               +--------+--------+--------+--------+--------+-----+--------+
         Total |  13396 |  12779 |    617 |   5082 |   5888 |  11 | 1217.8 |
       Dungeon |  13197 |  12612 |    585 |   5082 |   5754 |  10 | 1319.7 |
        Temple |    199 |    167 |     32 |      0 |    134 |   1 |  199.0 |
               +--------+--------+--------+--------+--------+-----+--------+

Top non-repeatable levels by time:
     D:4: 2323 daAuts
     D:6: 1700 daAuts
     D:9: 1599 daAuts
     D:1: 1554 daAuts
     D:3: 1362 daAuts
     D:7: 1227 daAuts
     D:8: 1098 daAuts
     D:5: 820 daAuts
     D:2: 789 daAuts
    D:10: 721 daAuts
  Temple: 199 daAuts
